 Dungeon Crawl Stone Soup version 0.28-a0-2-g643f2454ad (webtiles) character file.

Game seed: 1341981319238148413

305 graki42 the Shield-Bearer (level 6, 0/43 HPs)
             Began as an Octopode Fighter on July 22, 2021.
             Killed by divine providence
             ... invoked by an orc priest
              (12 damage)
             ... on level 4 of the Dungeon.
             The game lasted 00:05:56 (3196 turns).

graki42 the Shield-Bearer (Octopode Fighter)        Turns: 3196, Time: 00:05:57

Health: 0/43       AC:  1    Str: 16    XL:     6   Next: 39%
Magic:  6/6        EV: 12    Int: 10    God:
Gold:   141        SH:  9    Dex: 13    Spells: 5/5 levels left

rFire   . . .      SeeInvis .   a - +0 rapier
rCold   . . .      Faith    .   b - +0 kite shield
rNeg    . . .      Spirit   .   (helmet restricted)
rPois   .          Reflect  .   (no amulet)
rElec   .          Harm     .   (no ring)
rCorr   .          Rampage  .   (no ring)
Will    .....                   (no ring)
Stlth   +++.......              (no ring)
HPRegen 0.14/turn               (no ring)
MPRegen 0.10/turn               (no ring)
                                (no ring)
                                (no ring)

@: no status effects
A: almost no armour, amphibious, 8 rings, camouflage 1, gelatinous body 1,
(nimble swimmer 1), tentacles
a: no special abilities


You were on level 4 of the Dungeon.
You visited 1 branch of the dungeon, and saw 4 of its levels.

You collected 141 gold pieces.

Inventory:

Hand Weapons
 a - a +0 rapier (weapon)
 m - a +0 scimitar
Armour
 b - a +0 kite shield (worn)
 e - a +0 tower shield
Magical Staves
 j - a staff of cold
Scrolls
 d - a scroll of teleportation {unknown}
 f - 2 scrolls of enchant weapon {unknown}
 h - a scroll of identify {unknown}
 k - 2 scrolls of magic mapping {unknown}
 l - a scroll of summoning {unknown}
 n - a scroll of amnesia {unknown}
Potions
 c - a potion of might
 g - 2 potions of flight {unknown}
 i - 2 potions of resistance {unknown}


   Skills:
 + Level 3.9 Fighting
 + Level 3.1 Short Blades
 + Level 3.9 Dodging
 + Level 3.3 Stealth
 * Level 4.7 Shields


You had 5 spell levels left.
You didn't know any spells.
Your spell library was empty.

Dungeon Overview and Level Annotations

Branches:
Dungeon (4/15)
 Temple: D:4-7

Altars:
Cheibriados
Vehumet
Wu Jian


Innate Abilities, Weirdness & Mutations

You cannot wear most types of armour.
You are amphibious.
You can wear up to eight rings at the same time.
Your skin changes colour to match your surroundings (Stealth+).
Your rubbery body absorbs attacks. (AC +1, EV +1)
((You are camouflaged near water. (Stealth+)))
You have tentacles for arms and can constrict up to eight enemies at once.


Message History

An iguana comes into view.
You barely miss the orc priest. You grab the orc priest.
You squeeze the orc priest.
The orc priest is moderately wounded.
You constrict the orc priest. The orc priest barely misses you.
You hit the orc priest.
The orc priest is heavily wounded.
You constrict the orc priest.
The orc priest mumbles some strange prayers to Beogh against you.
Beogh smites you!
You hear a shout!
You hit the orc priest but do no damage.
You squeeze the orc priest.
The orc priest is almost dead.
You constrict the orc priest.
You kill the orc priest!
You hear a shout!
You hit the iguana. You grab the iguana.
The iguana is lightly wounded.
You constrict the iguana. The iguana bites you. The iguana barely misses you.
You hit the iguana.
The iguana is moderately wounded.
You constrict the iguana. The iguana bites you.
You hit the iguana but do no damage.
The iguana is moderately wounded.
You constrict the iguana. You block the iguana's attack.
You hit the iguana but do no damage. You squeeze the iguana.
The iguana is almost dead.
You constrict the iguana.
You kill the iguana!
The orc barely misses you.
You hit the orc. You grab the orc. You squeeze the orc.
You kill the orc!
Items here: ! ) [ †.
The orc priest mumbles some strange prayers to Beogh against you.
Pain shoots through your body!
* * * LOW HITPOINT WARNING * * *
The orc priest mumbles some strange prayers to Beogh against you.
Beogh smites you!
You die...

.## ### ... ..# #...
... ..# #.. #.##
#.#.##.# #.# #..
...## #.# .#.# #.#
#.# ...⌠## #.# ...
#.# #.# .....# #.#
#.# #.# #.# )⌠.<.#
#)####.### #.###.#
.....#
#.#.##...###.#.#.#
.<.⌠##
#@............#...
...##
#o.....#.###.###.#
####
..o...............##
##.
...............### #
..##.#.......#.#
....#.....##.#
..###.#...###.# ..#
##.#.## #.# #. ..


You could see an orc priest.

Vanquished Creatures
  A water moccasin (D:4)
  An orc priest (D:4)
  A centaur skeleton (D:3)
  An iguana (D:4)
  3 adders
  An adder skeleton (D:4)
  2 worms
  2 dart slugs (D:2)
  An orc (D:4)
  3 bats
  6 endoplasms
  3 giant cockroaches (D:2)
  5 goblins
  7 hobgoblins
  7 jackals (D:1)
  5 kobolds
  4 quokkas
  6 ball pythons
  3 frilled lizards
  5 rats
67 creatures vanquished.

Notes
Turn   | Place    | Note
-------+----------+-------------------------------------------
     0 | D:1      | graki42 the Octopode Fighter began the quest for the Orb.
     0 | D:1      | Reached XP level 1. HP: 16/16 MP: 1/1
    52 | D:1      | Found a faded altar of an unknown god.
   112 | D:1      | Reached XP level 2. HP: 21/21 MP: 2/2
   121 | D:1      | Reached skill level 1 in Stealth
   134 | D:1      | Reached XP level 3. HP: 9/26 MP: 3/3
  1200 | D:2      | Reached XP level 4. HP: 31/31 MP: 4/4
  1882 | D:3      | Found an ornate altar of the Wu Jian Council.
  1931 | D:3      | Reached skill level 4 in Shields
  1931 | D:3      | Reached XP level 5. HP: 22/36 MP: 5/5
  2420 | D:3      | Found a snail-covered altar of Cheibriados.
  2632 | D:4      | Noticed a water moccasin
  2639 | D:4      | Killed a water moccasin
  2640 | D:4      | Reached XP level 6. HP: 21/43 MP: 6/6
  2898 | D:4      | Found a radiant altar of Vehumet.
  3196 | D:4      | Killed from afar by an orc priest

Illustrated notes

Levels and vault maps discovered:
D:1:      dpeg_arrival_rhombus, layout_rooms, ebering_ecumenical_altar_box
D:2:      layout_loops_corners, minmay_misc_feat_room, nrook_mini_vaults,
          minmay_unequal
D:3:      layout_basic, lemuel_crystal_altar, mainiacjoe_overflow_alcove_2,
          minivault_5
D:4:      layout_loops_ring, nicolae_vehumet_radiance, tso_metal_star,
          minmay_temple_entry_glassed_door, minmay_shop_damaged,
          grunt_ministairs_7, uniq_ijyb, uniq_eustachio, uniq_duvessa,
          uniq_edmund

Skill      XL: |  1  2  3  4  5 |
---------------+----------------+-----
Stealth        | 1 2 3 |  3.3
Shields        | 4 |  4.7
Short Blades   | 3 |  3.1
Fighting       | |  3.9
Dodging        | |  3.9

Action                   |  1- 3 |  4- 6 || total
-------------------------+-------+-------++-------
Melee: Rapier            |    62 |    67 ||   129
       Constrict         |    17 |    17 ||    34
       Tentacles         |     6 |    14 ||    20
 Stab: Sleeping          |     6 |     3 ||     9
       Distracted        |       |     1 ||     1
Armor: Skin              |     2 |     3 ||     5
Dodge: Dodged            |    19 |    28 ||    47
Block: Kite shield       |    17 |    20 ||    37

Table legend: (Time is in decaauts)
 A = Elapsed time spent in this place.
 B = Non-inter-level travel time spent in this place.
 C = Inter-level travel time spent in this place.
 D = Time resting spent in this place.
 E = Time spent auto-exploring this place.
 F = Levels seen in this place.
 G = Mean time per level.
                   A        B        C        D        E       F      G
               +--------+--------+--------+--------+--------+-----+--------+
         Total |   3235 |   3152 |     83 |    522 |   2196 |   4 |  808.8 |
       Dungeon |   3235 |   3152 |     83 |    522 |   2196 |   4 |  808.8 |
               +--------+--------+--------+--------+--------+-----+--------+

Top non-repeatable levels by time:
     D:2: 1055 daAuts
     D:3: 904 daAuts
     D:4: 649 daAuts
     D:1: 625 daAuts
